 Dungeon Crawl Stone Soup version 0.28-a0-612-gcfc00ec14d (webtiles) character file.

Game seed: 9272216391915418111

5892 lunkers the Grappler (level 10, -1/104 HPs)
             Began as a Troll Cinder Acolyte on Oct 6, 2021.
             Was a High Priest of Ignis.
             Slain by a warg (8 damage)
             ... on level 9 of the Dungeon.
             The game lasted 00:21:54 (6941 turns).

lunkers the Grappler (Troll Cinder Acolyte)         Turns: 6941, Time: 00:21:54

Health: -1/104     AC: 11    Str: 24    XL:     10   Next: 53%
Magic:  10/10      EV:  7    Int: 10    God:    Ignis [*****.]
Gold:   458        SH:  7    Dex:  8    Spells: 11/11 levels left

rFire   + . .      SeeInvis .     - Unarmed
rCold   . . .      Faith    .   G - +0 kite shield
rNeg    . . .      Spirit   .   a - +1 robe
rPois   .          Reflect  .   e - +2 hat {Will+}
rElec   .          Harm     .   (no cloak)
rCorr   .          Rampage  .   (gloves unavailable)
Will    ++...                   (boots unavailable)
Stlth   +.........              (no amulet)
HPRegen 1.27/turn               j - +4 ring of protection
MPRegen 0.12/turn               r - ring of willpower

@: studying Staves
A: large, unfitting armour, claws 3, regeneration 1, shaggy fur 1, tough skin 1
a: Renounce Religion, Sea of Fire, Foxfire Swarm, Rising Flame


You were on level 9 of the Dungeon.
You worshipped Ignis.
Ignis was extremely pleased with you.
You visited 1 branch of the dungeon, and saw 9 of its levels.
You also visited: Ossuary.

You collected 458 gold pieces.

Inventory:

Missiles
 h - 11 boomerangs
 k - 288 stones (quivered)
 n - 4 atropa-tipped darts
 B - a curare-tipped dart
 C - 33 poisoned darts
Armour
 a - a +1 robe (worn)
 e - a +2 hat of willpower (worn)
 G - a +0 kite shield (worn)
Jewellery
 g - a ring of positive energy
 j - a +4 ring of protection (left claw)
 r - a ring of willpower (right claw)
 x - a ring of fire
 F - a +6 ring of dexterity
 H - the ring "Gyesaimp" {rPois Int+2}
   (You found it on level 8 of the Dungeon)

   [ring of poison resistance]

   Int:       It affects your intelligence (+2).
   rPois:     It protects you from poison.
 I - a ring of see invisible
Wands
 q - a wand of iceblast (1)
 w - a wand of acid (2)
 E - a wand of digging (5)
Scrolls
 o - 5 scrolls of teleportation
 s - a scroll of identify
 t - 2 scrolls of enchant armour
 u - 2 scrolls of amnesia
 v - 2 scrolls of enchant weapon
 y - a scroll of brand weapon
 A - a scroll of immolation
 K - a scroll of blinking {unknown}
Potions
 b - 2 potions of flight
 c - 6 potions of heal wounds
 d - a potion of brilliance
 f - 3 potions of attraction
 i - 5 potions of lignification
 l - 4 potions of haste
 m - 2 potions of berserk rage
 p - 4 potions of curing
 z - a potion of might
 D - a potion of cancellation
 J - 2 potions of resistance


   Skills:
 + Level 7.7 Fighting
 * Level 3.6 Shields
 * Level 12.6 Unarmed Combat
 - Level 1.0 Spellcasting
 - Level 2.1 Fire Magic
 + Level 1.2 Evocations


You had 11 spell levels left.
You didn't know any spells.
Your spell library contained the following spells:

 Spells                   Type           Power      Damage    Failure   Level
 Scorch                   Fire           8%         2d5       56%         2
 Conjure Flame            Conj/Fire      2%         6-21      91%         3
 Ignite Poison            Fire/Tmut/Pois 1%         N/A       94%         3
 Animate Dead             Necr           0%         N/A       100%        4
 Sticky Flame             Conj/Fire      2%         2d3       100%        4
 Borgnjor's Vile Clutch   Necr/Erth      0%         N/A       100%        5
 Death Channel            Necr           0%         N/A       100%        6


Dungeon Overview and Level Annotations

Branches:
Dungeon (9/15)             Temple (0/1) D:6            Lair (0/6) D:8
Ossuary (visited)
    Orc: D:9-12

Altars:

Shops:
D:2 !


Innate Abilities, Weirdness & Mutations

You are too large for most types of armour.
You have claws for hands.
Your natural rate of healing is unusually fast.
You are covered in fur. (AC +1)
You have tough skin. (AC +1)


Message History

Unknown command.
You mangle the warg!!
The warg is severely wounded.
The warg bites you.
* * * LOW HITPOINT WARNING * * *
You claw the warg!
The warg is almost dead.
The warg bites you!
* * * LOW HITPOINT WARNING * * *
The warg closely misses you.
You closely miss the warg.
The warg is almost dead.
The warg bites you!
* * * LOW HITPOINT WARNING * * *
You barely miss the warg.
The warg is almost dead.
The warg bites you!
* * * LOW HITPOINT WARNING * * *
You scratch the warg but do no damage.
The warg is almost dead.
The warg barely misses you.
The howler monkey hoots and howls with incredible vigour!
A warg comes into view.
You hear a shout!
Unknown command.
You barely miss the warg.
The warg is almost dead.
The warg howls!
The warg bites you!
* * * LOW HITPOINT WARNING * * *
The warg bites you!
* * * LOW HITPOINT WARNING * * *
Your shield prevents you from hitting the warg.
The warg is almost dead.
The warg bites you.
* * * LOW HITPOINT WARNING * * *
You closely miss the warg.
The warg is almost dead.
The warg bites you!
You die...

#.≈≈≈.. #.≈≈≈.. #+###≈≈..
#####################...#≈≈..
...$$............(..#oog#≈≈..
≈≈≈≈≈≈≈≈h≈hhh≈≈≈≈≈((#####≈≈..
≈≈≈≈≈≈≈≈≈≈≈≈≈≈≈≈≈≈≈≈≈≈≈≈≈≈≈..
≈≈≈≈≈≈≈≈≈≈≈†≈≈≈≈≈≈≈≈≈≈≈≈≈≈≈..
....$.......@†..P......†.....
...........h............P....
#############################


You could see 4 wargs and a howler monkey (catching breath).

Vanquished Creatures
  9 centaur zombies
  A hornet (D:8)
  Sigmund (D:2)
  A wyvern (D:7)
  2 steam dragons
  9 wargs
  Duvessa (D:4)
  A sky beast (D:5)
  A black bear (D:8)
  An orc warrior (D:6)
  An ice beast (D:8)
  5 necrophages
  A centaur (D:8)
  3 kobold brigands
  2 wyvern zombies (Ossuary)
  2 scorpions
  A gnoll sergeant (D:8)
  2 water moccasin zombies (Ossuary)
  Dowan (D:4)
  A wyvern skeleton (D:5)
  4 killer bees (D:9)
  4 wights (D:8)
  6 bullfrog zombies (Ossuary)
  15 mummies (Ossuary)
  A hound (D:6)
  10 orc priests
  A bullfrog skeleton (D:4)
  A centaur skeleton (D:4)
  2 iguanas
  Natasha (twice) (D:2)
  6 orc wizards
  3 killer bee zombies (Ossuary)
  A howler monkey zombie (Ossuary)
  Robin (D:2)
  A howler monkey skeleton (D:7)
  5 adders
  4 gnolls (D:8)
  An ufetubus (D:7)
  An adder skeleton (D:4)
  3 worms (D:3)
  2 dart slugs
  41 orcs
  7 endoplasms
  A giant cockroach (D:3)
  15 goblins
  9 hobgoblins
  10 jackals
  4 quokkas
  7 ball pythons
  4 bats
  3 frilled lizards
  17 kobolds
  2 quokka zombies (D:6)
  2 rats
242 creatures vanquished.

Vanquished Creatures (others)
  A gnoll (D:8)
  2 withered plants (Ossuary)
3 creatures vanquished.

Grand Total: 245 creatures vanquished

Notes
Turn   | Place    | Note
-------+----------+-------------------------------------------
     0 | D:1      | lunkers the Troll Cinder Acolyte began the quest for the
                  | Orb.
     0 | D:1      | Reached XP level 1. HP: 22/22 MP: 1/1
    98 | D:1      | Reached XP level 2. HP: 29/29 MP: 2/2
   686 | D:2      | Reached XP level 3. HP: 28/36 MP: 3/3
   718 | D:2      | Found Dahajohy's Distillery.
   735 | D:2      | Reached skill level 4 in Unarmed Combat
   812 | D:2      | Noticed Robin
   812 | D:2      | Noticed Sigmund
   927 | D:2      | Killed Robin
   983 | D:2      | Noticed Natasha
   993 | D:2      | Killed Natasha
   994 | D:2      | Reached XP level 4. HP: 45/45 MP: 4/4
   997 | D:2      | Found a faded altar of an unknown god.
  1141 | D:2      | Killed Sigmund
  1142 | D:2      | Reached skill level 5 in Unarmed Combat
  1142 | D:2      | Reached XP level 5. HP: 52/54 MP: 5/5
  1406 | D:2      | Noticed Natasha
  1412 | D:2      | Killed Natasha
  1413 | D:2      | Reached XP level 6. HP: 62/62 MP: 6/6
  1772 | D:3      | Identified a scroll of acquirement
  1772 | D:3      | Acquired a +2 hat of willpower
  1897 | D:3      | Reached skill level 6 in Unarmed Combat
  2612 | D:4      | Reached XP level 7. HP: 68/70 MP: 7/7
  2645 | D:4      | Reached skill level 7 in Unarmed Combat
  3006 | D:4      | Noticed Dowan
  3009 | D:4      | Noticed Duvessa
  3030 | D:4      | Killed Duvessa
  3035 | D:4      | Reached skill level 5 in Fighting
  3035 | D:4      | Reached skill level 8 in Unarmed Combat
  3035 | D:4      | Reached XP level 8. HP: 77/80 MP: 8/8
  3042 | D:4      | Killed Dowan
  3146 | D:5      | Entered Level 5 of the Dungeon
  3740 | D:5      | Reached skill level 9 in Unarmed Combat
  3939 | D:6      | Found a staircase to the Ecumenical Temple.
  4265 | D:6      | Reached skill level 10 in Unarmed Combat
  4317 | D:6      | Identified the +1 leather armour "Jutruirch" {rCorr Str+4
                  | Int+7}
  4458 | D:6      | Found a sand-covered staircase.
  4471 | Ossuary  | Entered an ossuary
  4488 | Ossuary  | Reached XP level 9. HP: 86/89 MP: 9/9
  4726 | Ossuary  | Reached skill level 11 in Unarmed Combat
  5948 | D:8      | Reached skill level 1 in Shields
  6011 | D:8      | Identified the ring "Gyesaimp" {rPois Int+2}
  6029 | D:8      | Reached skill level 12 in Unarmed Combat
  6037 | D:8      | Reached XP level 10. HP: 50/102 MP: 10/10
  6401 | D:8      | Found a staircase to the Lair.
  6909 | D:9      | Reached skill level 1 in Evocations
  6940 | D:9      | HP: 5/104 [warg (3)]
  6941 | D:9      | Slain by a warg

Illustrated notes

Levels and vault maps discovered:
D:1:      wander_arrival_abandoned_jail, layout_loops_ring, minmay_misc_feat_chi
D:2:      layout_loops_corners, basic_ecumenical_altar, serial_shops,
          nicolae_shop_waterfront, uniq_natasha, uniq_sigmund, uniq_robin
D:3:      layout_loops_corners
D:4:      layout_rooms, uniq_duvessa
D:5:      layout_cave_pods, minmay_crystal_water
D:6:      layout_basic, minmay_temple_entry_fiery, enter_ossuary_4
D:7:      layout_basic, minmay_manual_mandibuliform
D:8:      layout_basic, erik_lair_orcish_takeover,
          amcnicky_mini_corridor_feature
D:9:      lemuel_castle_with_subvaults [lemuel_castle_interior_carwin_3],
          layout_stronghold, mainiacjoe_overflow_tiny_flanked, erik_orc_3,
          kennysheep_generic_room_7

Skill      XL: |  1  2  3  4  5  6  7  8  9 10 |
---------------+-------------------------------+-----
Unarmed Combat | 4 5 6 8 10 12 | 12.6
Fighting       | 3 4 5 6 7 |  7.7
Shields        | 1 3 |  3.6
Evocations     | 1 |  1.2
Spellcasting   | |  1.0
Fire Magic     | |  2.1

Action                   |  1- 3 |  4- 6 |  7- 9 | 10-12 || total
-------------------------+-------+-------+-------+-------++-------
Melee: Unarmed           |   105 |    99 |   364 |   132 ||   700
       Punch             |     1 |     2 |    13 |       ||    16
Throw: Stone             |     2 |    68 |    63 |    12 ||   145
       Dart              |       |       |     2 |       ||     2
Evoke: Wand              |       |       |     2 |     5 ||     7
  Use: Scroll            |     2 |     7 |    11 |     1 ||    21
 Stab: Distracted        |       |       |     1 |       ||     1
Armor: Robe              |    43 |    36 |   167 |    64 ||   310
Dodge: Dodged            |    54 |    28 |   148 |    35 ||   265
Block: Kite shield       |       |       |    10 |    40 ||    50

Table legend: (Time is in decaauts)
 A = Elapsed time spent in this place.
 B = Non-inter-level travel time spent in this place.
 C = Inter-level travel time spent in this place.
 D = Time resting spent in this place.
 E = Time spent auto-exploring this place.
 F = Levels seen in this place.
 G = Mean time per level.
                   A        B        C        D        E       F      G
               +--------+--------+--------+--------+--------+-----+--------+
         Total |   6914 |   6719 |    195 |    120 |   4690 |  10 |  691.4 |
       Dungeon |   6537 |   6342 |    195 |    120 |   4569 |   9 |  726.3 |
       Ossuary |    376 |    376 |      0 |      0 |    120 |   1 |  376.0 |
               +--------+--------+--------+--------+--------+-----+--------+

Top non-repeatable levels by time:
     D:2: 978 daAuts
     D:3: 966 daAuts
     D:8: 899 daAuts
     D:6: 787 daAuts
     D:7: 759 daAuts
     D:5: 700 daAuts
     D:1: 653 daAuts
     D:4: 527 daAuts
 Ossuary: 376 daAuts
     D:9: 265 daAuts
